Map: Eternal Empire LE

Players

MCanning - Winner!

  • Race: Protoss Protoss
  • Spawn Location: 1:00

Scarlett

  • Race: Zerg Zerg
  • Spawn Location: 7:00

Event: DreamHack SC2 Masters 2020 Fall

VOD

Have the link to the VOD?

Description

Time

  • Played on: Sept. 3, 2020, 4:46 p.m.
  • Length: 23:23

All games in this series

Show
View Real Time Build Order
Export as new Build Order

MCanning Protoss - Winner!

Build Orders: 1 Gate Expand, Oracle Opening, Archon Immortal, Carriers 

Get SALT Encoding   

  12  0:00  Probe  
  13  0:12  Probe  
  14  0:19  Pylon  
  14  0:24  Probe  
  15  0:37  Probe (Chrono Boost)  
  15  0:38  Gateway  
  16  0:47  Assimilator  
  16  0:48  Probe (Chrono Boost)  
  17  0:53  Probe (Chrono Boost)  
  18  1:04  Probe  
  19  1:14  Pylon  
  19  1:16  Probe  
  20  1:28  Nexus  
  20  1:31  Unknown  
  20  1:32  Unknown x2  
  20  1:35  Cybernetics Core  
  20  1:38  Probe  
  21  1:46  Pylon  
  21  1:50  Assimilator  
  21  1:53  Probe  
  22  2:05  Probe  
  23  2:11  Adept (Chrono Boost)  
  25  2:16  Unknown  
  25  2:17  Probe  
  26  2:26  Stargate  
  26  2:29  Probe  
  27  2:31  Stalker (Chrono Boost)  
  29  2:41  Probe (Chrono Boost)  
  29  2:42  Warp Gate  
  31  2:46  Probe (Chrono Boost)  
  32  2:53  Probe (Chrono Boost)  
  32  2:57  Probe (Chrono Boost)  
  32  2:58  Probe (Chrono Boost)  
  33  3:01  Void Ray (Chrono Boost)  
  34  3:06  Probe  
  34  3:08  Probe  
  40  3:17  Gateway  
  40  3:18  Probe  
  41  3:20  Probe  
  41  3:25  Pylon  
  42  3:30  Probe  
  42  3:32  Probe  
  44  3:35  Pylon  
  44  3:40  Oracle (Chrono Boost)  
  44  3:42  Probe  
  44  3:44  Probe  
  49  3:52  Assimilator  
  49  3:54  Probe  
  50  3:56  Assimilator, Probe  
  50  4:00  Pylon  
  51  4:06  Probe  
  51  4:07  Robotics Facility  
  51  4:08  Probe  
  53  4:18  Probe  
  53  4:20  Probe  
  53  4:22  Nexus  
  55  4:25  Pylon  
  55  4:31  Sentry x2  
  60  4:32  Probe x2 (Chrono Boost)  
  61  4:45  Probe (Chrono Boost)  
  63  4:46  Forge  
  63  4:48  Probe (Chrono Boost)  
  63  4:50  Twilight Council  
  63  4:51  Probe (Chrono Boost)  
  64  4:55  Probe  
  64  4:59  Probe  
  66  5:07  Probe  
  66  5:11  Probe  
  68  5:16  Sentry  
  68  5:17  Sentry, Immortal (Chrono Boost)  
  68  5:19  Probe  
  77  5:23  Probe  
  77  5:25  Protoss Ground Weapons Level 1 (Chrono Boost), Charge (Chrono Boost)  
  78  5:34  Probe (Chrono Boost)  
  78  5:35  Probe (Chrono Boost)  
  81  5:36  Pylon  
  81  5:37  Gateway  
  81  5:38  Gateway  
  81  5:40  Probe (Chrono Boost)  
  81  5:43  Pylon  
  81  5:45  Probe (Chrono Boost)  
  81  5:46  Probe (Chrono Boost)  
  81  5:48  Templar Archives, Gateway  
  84  5:50  Probe x2 (Chrono Boost)  
  84  5:51  Probe (Chrono Boost)  
  84  5:55  Gateway  
  86  5:58  Observer (Chrono Boost)  
  86  5:59  Probe  
  86  6:00  Probe  
  86  6:01  Probe  
  90  6:04  Photon Cannon  
  90  6:06  Shield Battery  
  90  6:12  Immortal (Chrono Boost)  
  90  6:15  Probe  
  90  6:18  Assimilator  
  95  6:21  Assimilator  
  95  6:22  Zealot x2  
  95  6:23  Pylon  
  99  6:33  Gateway  
  99  6:34  Pylon  
  99  6:41  Gateway  
  99  6:42  Gateway, Photon Cannon  
  99  6:48  Immortal (Chrono Boost)  
  99  6:54  Zealot x3  
  103  6:55  Fleet Beacon  
  107  7:01  Photon Cannon  
  107  7:04  Zealot x3  
  107  7:07  Psionic Storm  
  113  7:21  Immortal  
  117  7:26  High Templar  
  117  7:27  High Templar  
  121  7:32  Archon  
  121  7:34  Zealot x2  
  125  7:43  Zealot, Mothership (Chrono Boost)  
  125  7:47  Pylon  
  125  7:48  Pylon  
  125  7:49  Probe, Pylon x2  
  125  7:50  Probe  
  125  7:57  Zealot  
  124  8:01  Probe  
  124  8:02  High Templar  
  124  8:04  Pylon  
  125  8:08  High Templar x2, Pylon  
  125  8:14  Zealot x4  
  125  8:15  Warp Prism (Chrono Boost)  
  127  8:25  Zealot x2  
  121  8:30  Pylon  
  121  8:33  Pylon  
  121  8:36  Zealot x4  
  121  8:37  Zealot  
  129  8:42  Photon Cannon  
  129  8:44  Zealot, Photon Cannon  
  129  8:45  Zealot, Shield Battery  
  129  8:47  Pylon  
  133  8:50  Zealot  
  133  8:51  Zealot  
  133  8:55  Probe  
  136  9:03  Probe  
  136  9:07  Archon  
  136  9:08  Zealot x2  
  136  9:09  Zealot x3  
  139  9:10  High Templar x2  
  139  9:14  Zealot x2  
  145  9:18  Immortal  
  147  9:31  Zealot x4  
  141  9:50  High Templar x2  
  141  9:52  Zealot x2  
  147  9:53  Zealot x3  
  147  9:55  Carrier (Chrono Boost)  
  147  9:57  Immortal  
  149  10:21  Zealot x2  
  149  10:22  Zealot  
  149  10:24  Nexus  
  149  10:28  Pylon  
  153  10:36  Immortal  
  151  10:46  Carrier (Chrono Boost)  
  151  10:48  Zealot x4  
  147  10:53  Probe  
  150  11:02  Zealot x3  
  156  11:09  Mothership (Chrono Boost)  
  151  11:13  Archon  
  151  11:16  Observer  
  151  11:17  Probe  
  144  11:19  High Templar  
  144  11:20  High Templar  
  144  11:22  High Templar  
  144  11:23  High Templar  
  152  11:27  Observer (Chrono Boost)  
  143  11:39  Zealot x2  
  145  11:42  High Templar  
  145  11:43  Observer  
  148  11:51  Assimilator  
  148  11:55  Assimilator, Zealot x2  
  148  12:00  Nexus  
  152  12:06  Carrier  
  158  12:12  Warp Prism  
  158  12:16  High Templar  
  158  12:19  Zealot  
  158  12:20  Zealot x3  
  158  12:47  Zealot x2  
  158  12:49  Zealot  
  158  12:50  Zealot x4  
  162  12:56  Shield Battery, Photon Cannon  
  162  13:07  Carrier (Chrono Boost)  
  168  13:15  Nexus  
  160  13:23  High Templar x2  
  162  13:28  Stargate, Zealot x2  
  162  13:29  Zealot  
  168  13:58  High Templar x2  
  168  14:01  Carrier (Chrono Boost)  
  172  14:06  High Templar, Pylon, Protoss Air Weapons Level 1 (Chrono Boost), Archon  
  172  14:09  Zealot x2  
  176  14:10  Nexus, Pylon  
  176  14:11  Pylon  
  176  14:25  Carrier (Chrono Boost)  
  182  14:32  Zealot x4  
  176  14:42  Pylon  
  179  15:01  Carrier (Chrono Boost)  
  179  15:05  High Templar x2  
  183  15:10  Unknown  
  183  15:13  Dark Shrine  
  178  15:15  Zealot x4  
  178  15:16  Zealot, Carrier (Chrono Boost)  
  178  15:17  Protoss Shields Level 1 (Chrono Boost)  
  186  15:43  Zealot x4  
  186  15:44  Nexus  
  186  15:48  Pylon  
  186  15:49  Zealot  
  196  15:52  High Templar  
  198  16:07  Zealot  
  198  16:10  Photon Cannon  
  200  16:11  Protoss Air Weapons Level 2 (Chrono Boost), Photon Cannon  
  200  16:13  Photon Cannon  
  200  16:14  Shield Battery  
  200  16:18  Unknown  
  200  16:29  Pylon  
  200  16:52  Zealot x6  
  186  17:19  Carrier (Chrono Boost)  
  190  17:23  Dark Templar x4  
  190  17:28  Carrier (Chrono Boost)  
  184  17:32  Protoss Shields Level 2  
  184  17:34  Zealot x2  
  184  17:35  Zealot  
  194  17:43  Nexus  
  184  17:44  Pylon  
  178  18:04  Zealot x3  
  178  18:05  Zealot x2  
  182  18:13  Dark Templar x2  
  182  18:16  Carrier  
  186  18:26  Dark Templar x2  
  183  18:36  Nexus  
  183  18:48  Photon Cannon  
  183  18:50  Photon Cannon  
  183  18:54  Assimilator  
  175  19:05  Mothership (Chrono Boost)  
  165  19:21  Void Ray  
  165  19:30  Void Ray  
  165  19:50  Void Ray  
  144  20:07  Assimilator  
  144  20:12  Dark Templar x2  
  144  20:13  Zealot x2  
  152  20:16  Zealot x2  
  152  20:19  Void Ray (Chrono Boost)  
  156  20:25  Void Ray (Chrono Boost)  
  158  20:30  Dark Templar  
  156  20:36  Zealot x2  
  159  20:50  Probe  
  160  20:59  Stalker x5  
  170  21:05  Archon  
  170  21:13  High Templar  
  172  21:23  Void Ray x2 (Chrono Boost)  
  172  21:24  Zealot x5  
  181  21:52  High Templar  
  183  21:57  Carrier  
  189  22:04  Dark Templar  
  189  22:05  Nexus  
  189  22:10  Nexus  
  189  22:20  Zealot x3  
  189  22:21  Zealot x2  
  191  22:56  Zealot x3  
  193  23:11  Archon  
Show
View Real Time Build Order
Export as new Build Order

Scarlett Zerg 

Build Orders: Hatch First, Swarm Host 

Get SALT Encoding   

  12  0:00  Drone  
  13  0:12  Overlord  
  13  0:17  Drone  
  14  0:31  Drone x2  
  16  0:47  Hatchery  
  15  0:51  Drone  
  15  0:54  Drone  
  17  0:58  Drone  
  18  1:09  Extractor  
  17  1:13  Spawning Pool  
  17  1:16  Drone  
  17  1:19  Extractor  
  17  1:21  Drone  
  17  1:29  Drone  
  19  1:39  Drone  
  20  1:49  Drone  
  21  1:59  Queen x2  
  21  2:00  Zergling x2  
  26  2:02  Overlord  
  26  2:11  Drone x2  
  26  2:14  Metabolic Boost  
  28  2:22  Drone x2  
  30  2:36  Hatchery  
  29  2:40  Drone  
  29  2:42  Drone  
  29  2:44  Drone  
  32  2:48  Overlord  
  32  2:54  Queen  
  32  2:57  Drone  
  32  2:58  Drone  
  36  3:08  Drone x4  
  36  3:10  Drone  
  36  3:11  Drone  
  42  3:14  Overlord  
  42  3:19  Drone x2  
  44  3:32  Queen  
  44  3:33  Queen  
  48  3:35  Zergling x2  
  48  3:39  Drone x3  
  52  3:46  Spore Crawler  
  51  3:49  Drone x4, Overlord  
  51  3:54  Overlord  
  56  4:00  Overlord  
  56  4:02  Overlord  
  56  4:06  Queen  
  58  4:13  Drone  
  58  4:14  Drone x6  
  58  4:16  Lair  
  65  4:20  Roach Warren  
  63  4:24  Drone  
  63  4:25  Drone x3  
  63  4:28  Extractor  
  63  4:31  Extractor  
  65  4:37  Drone x7  
  72  4:41  Overlord  
  72  4:47  Drone x4  
  72  4:49  Extractor  
  73  4:57  Drone x6  
  73  4:59  Extractor, Spore Crawler x2  
  74  5:00  Extractor  
  72  5:08  Drone  
  72  5:09  Drone x2  
  71  5:15  Drone  
  71  5:16  Drone x6, Glial Reconstitution  
  71  5:20  Zergling x2  
  71  5:21  Overseer  
  79  5:26  Roach x2  
  79  5:27  Roach  
  85  5:28  Overlord  
  85  5:33  Overlord  
  85  5:35  Drone x2  
  87  5:39  Overlord  
  87  5:40  Infestation Pit  
  86  5:46  Drone, Overlord  
  87  5:50  Drone, Nydus Network  
  87  5:53  Drone, Roach  
  87  5:54  Roach x2  
  93  5:59  Roach  
  93  6:00  Roach x2  
  99  6:16  Swarm Host x7  
  120  6:22  Hatchery  
  120  6:24  Overlord  
  120  6:25  Overlord  
  119  6:37  Overlord x3  
  119  6:39  Nydus Canal  
  119  6:49  Swarm Host x6  
  137  6:59  Nydus Canal  
  137  7:02  Drone, Spore Crawler  
  137  7:07  Swarm Host x2  
  143  7:09  Zergling x18  
  143  7:13  Roach  
  154  7:17  Unknown  
  154  7:20  Overlord  
  154  7:21  Overlord x2  
  153  7:28  Ravager x2  
  153  7:29  Ravager x2  
  157  7:33  Zergling x12  
  158  7:57  Nydus Canal  
  156  7:59  Overlord  
  156  8:02  Drone  
  156  8:03  Drone x2, Roach, Hydralisk Den  
  156  8:04  Roach x9  
  172  8:17  Roach  
  172  8:18  Roach x4  
  178  8:28  Spine Crawler  
  177  8:36  Hatchery  
  177  8:37  Roach x7  
  177  8:38  Roach  
  192  8:41  Nydus Canal  
  184  9:07  Hive, Muscular Augments  
  184  9:08  Lurker Den  
  183  9:10  Swarm Host x5  
  191  9:24  Queen  
  189  9:31  Drone x4, Spine Crawler  
  189  9:32  Spore Crawler  
  189  9:36  Overseer  
  189  9:37  Overseer x2  
  189  9:49  Hydralisk x6  
  189  9:51  Overlord  
  197  9:56  Nydus Canal  
  189  10:04  Hydralisk x8  
  198  10:07  Ravager  
  198  10:17  Nydus Canal  
  198  10:19  Grooved Spines  
  195  10:23  Overlord  
  195  10:24  Viper x2  
  196  10:32  Seismic Spines  
  196  10:34  Nydus Canal  
  186  10:46  Drone x3  
  186  10:47  Drone x3  
  187  10:53  Overseer x4  
  187  10:59  Nydus Canal  
  187  11:02  Hydralisk  
  187  11:03  Hydralisk x5  
  195  11:14  Drone x7  
  194  11:26  Evolution Chamber  
  194  11:28  Drone, Evolution Chamber  
  194  11:29  Drone x3, Adaptive Talons  
  194  11:30  Hatchery  
  194  11:31  Hatchery  
  192  11:35  Spire  
  192  11:36  Pathogen Glands  
  192  11:38  Drone x3  
  194  11:40  Drone  
  194  11:41  Drone  
  194  11:44  Zergling x2  
  197  11:53  Zergling x2  
  197  11:54  Nydus Canal  
  198  12:08  Nydus Canal  
  197  12:42  Viper, Spire  
  199  12:47  Nydus Canal  
  199  12:52  Zerg Flyer Weapons Level 1  
  199  12:57  Spore Crawler  
  199  12:58  Zerg Ground Armor Level 1, Spore Crawler x3, Zerg Missile Weapons Level 1  
  195  13:10  Viper  
  198  13:24  Nydus Canal  
  198  13:31  Drone  
  198  13:32  Drone, Evolution Chamber  
  179  13:56  Corruptor x2  
  179  13:57  Corruptor x8  
  199  14:09  Zerg Flyer Armor Level 1  
  199  14:10  Zerg Melee Weapons Level 1  
  199  14:13  Nydus Canal  
  199  14:21  Spore Crawler  
  197  14:24  Spore Crawler  
  197  14:29  Corruptor x5  
  196  14:56  Zerg Ground Armor Level 2, Zerg Missile Weapons Level 2  
  196  14:57  Drone x4  
  196  14:59  Spore Crawler  
  199  15:01  Spore Crawler x3  
  196  15:13  Lurker  
  196  15:14  Lurker x3  
  200  15:23  Greater Spire  
  187  15:29  Hydralisk x2  
  187  15:30  Hydralisk x5  
  187  15:34  Drone x2  
  187  15:35  Hatchery  
  194  15:39  Drone  
  194  15:40  Drone x5  
  200  15:44  Spine Crawler x2  
  200  15:47  Spore Crawler x2  
  200  15:49  Spore Crawler x2, Overseer x2  
  194  15:51  Spore Crawler  
  194  15:53  Pneumatized Carapace  
  193  16:02  Lurker x5  
  193  16:03  Corruptor  
  200  16:05  Neural Parasite  
  200  16:14  Nydus Canal  
  198  16:43  Spore Crawler  
  198  16:44  Spore Crawler  
  198  16:46  Spore Crawler  
  187  16:58  Spire  
  178  17:02  Hydralisk x6  
  178  17:03  Hydralisk  
  178  17:17  Drone x5  
  183  17:23  Drone x6  
  183  17:29  Overseer  
  189  17:40  Nydus Canal  
  178  18:01  Viper x3  
  181  18:30  Nydus Canal  
  178  18:47  Nydus Canal  
  178  18:54  Drone  
  178  18:55  Zerg Flyer Weapons Level 2  
  179  19:16  Nydus Canal  
  179  19:26  Queen x2  
  179  19:29  Hatchery  
  182  19:34  Hatchery  
  182  19:42  Spine Crawler  
  149  20:05  Hatchery  
  148  20:08  Nydus Canal  
  148  20:21  Hatchery  
  133  20:45  Corruptor x5  
  143  20:55  Hatchery  
  142  20:58  Nydus Canal  
  142  21:33  Drone x3  
  142  21:34  Drone  
  142  21:35  Drone x7  
  153  21:42  Nydus Canal  
  153  21:47  Infestor  
  153  21:51  Infestor  
  157  22:25  Infestor x2  
  157  22:26  Drone  
  157  22:27  Drone  
  154  22:47  Nydus Canal  

Tags
 
Add a new tag
Caveats
  • Supply blocks, unpowered buildings, or Contaminate may cause inaccurate times.
  • Supply counts are checked every 10 seconds.